RedWings vs Hurricanes

Created - Sunday, October 11, 2015 at 02:50

Goals
1 2 3 T
RedWings 0 1 1 2
Hurricanes 3 3 3 9
Shots
1 2 3 T
RedWings 4 12 18 34
Hurricanes 12 13 18 43

1st period

1. Hurricanes , Jiri Hudler 2 (Dennis Wideman) at 1:00
2. Hurricanes , Adam Henrique 1 (Eric Staal, Jiri Hudler) at 2:21
3. Hurricanes , Marian Gaborik 1 (Mike Fisher, Josh Bailey) at 4:03 (PP)

Penalties :
Alexei Emelin (Det) for Roughing (Minor) at 2:32, Thomas Hickey (Car) for Holding (Minor) at 7:36, Eric Staal (Car) for Goalie Interference (Minor) at 12:38, Martin Erat (Det) for Slashing (Minor) at 12:54, Travis Zajac (Car) for Interference (Minor) at 17:55

2nd period

4. RedWings , Mark Letestu 1 (Chris VandeVelde, Beau Bennett) at 4:33
5. Hurricanes , Mark Arcobello 1 (Mike Weaver, Brian Flynn) at 5:30
6. Hurricanes , Jiri Hudler 3 (Eric Staal, Brian Elliott) at 6:18 (PP)
7. Hurricanes , Mike Fisher 1 (Marian Gaborik) at 7:55

Penalties :
Mike Fisher (Car) for Slashing (Minor) at 2:08, Alexei Emelin (Det) for Hooking (Minor) at 6:07, Eric Gryba (Det) for Holding Stick (Minor) at 13:07, Stephane Robidas (Car) for High sticking (Minor) at 16:28

3rd period

8. RedWings , Shawn Horcoff 1 (Milan Michalek, Shane Doan) at 0:59 (PP)
9. Hurricanes , Travis Zajac 2 (Mikhail Grabovski, Andrew Ebbett) at 2:01
10. Hurricanes , Jiri Hudler 4 (Adam Henrique) at 7:14
11. Hurricanes , Eric Staal 2 (Jiri Hudler) at 10:45 (PP)

Penalties :
Adam Henrique (Car) for Hooking (Minor) at 0:34, Martin Erat (Det) for Tripping (Minor) at 9:09, Eric Gryba (Det) for Roughing (Minor) at 13:57, John-Michael Liles (Det) for Roughing (Minor) at 19:01

Goalie Stats

Ben Scrivens (Det), 13 saves from 17 shots - (0.765), 21:44 minutes
Jonas Hiller (Det), 21 saves from 26 shots - (0.808), L, 1-1-0, 38:16 minutes
Brian Elliott (Car), 32 saves from 34 shots - (0.941), W, 2-0-0, 60:00 minutes

Players Stats for RedWings

Player Name              G  A  P  +/- PIM S  H  SB GA TA FO     MP     PP MP  PK MP  
------------------------------------------------------------------------------------
Aaron Ekblad             0  0  0  -1  0   5  1  2  1  1  0/0    23:39   8:12   2:31 
Alexei Emelin            0  0  0   1  4   1  0  0  1  0  0/0    15:21   0:00   2:38 
Beau Bennett             0  1  1  -2  0   3  0  0  2  1  0/0    14:05   0:33   0:00 
Chris VandeVelde         0  1  1  -1  0   0  2  1  3  0  0/1    11:48   0:00   1:14 
Devante Smith-Pelly      0  0  0  -2  0   0  3  1  0  1  3/13   18:30   4:20   1:24 
Eric Gryba               0  0  0  -4  4   1  0  0  0  2  0/0    13:26   0:13   1:09 
John-Michael Liles       0  0  0  -4  2   0  0  1  0  0  0/0    14:36   2:06   0:00 
Mark Letestu             1  0  1  -1  0   2  1  2  1  1  11/22  16:36   0:00   6:37 
Martin Erat              0  0  0  -2  4   2  1  0  0  1  1/3    17:51   4:19   0:13 
Milan Michalek           0  1  1  -1  0   3  2  1  3  0  0/1    18:55   3:44   0:16 
Nick Leddy               0  0  0  -2  0   0  1  1  0  3  0/0    30:40   6:43   5:20 
Patrick Sharp            0  0  0  -2  0   2  0  0  4  0  0/0    16:26   4:20   0:00 
Shane Doan               0  1  1  -1  0   2  1  0  0  0  1/1    18:55   3:44   0:16 
Shawn Horcoff            1  0  1  -1  0   7  1  0  2  0  6/17   16:41   4:17   0:00 
Steve Downie             0  0  0  -1  0   3  3  0  0  0  1/1     5:13   0:00   0:00 
TJ Galiardi              0  0  0  -1  0   1  1  0  0  1  1/4    13:19   0:33   6:49 
Tomas Kopecky            0  0  0   0  0   0  0  0  0  0  0/0     0:49   0:00   0:09 
Zbynek Michalek          0  0  0   0  0   2  3  5  0  3  0/0    22:46   0:00   5:20 

Players Stats for Hurricanes

Player Name              G  A  P  +/- PIM S  H  SB GA TA FO     MP     PP MP  PK MP  
------------------------------------------------------------------------------------
Adam Henrique            1  1  2   3  2   3  4  0  1  0  1/1    16:15   4:03   0:49 
Andrew Ebbett            0  1  1   0  0   0  0  1  0  1  1/1    15:34   0:00   4:33 
Brian Flynn              0  1  1   1  0   0  0  0  1  1  3/6    11:57   0:00   4:04 
Dennis Wideman           0  1  1   2  0   1  1  2  0  0  0/0    20:05   4:37   0:27 
Eric Staal               1  2  3   3  2   4  1  0  2  0  10/15  15:11   4:07   0:22 
Fedor Tyutin             0  0  0   3  0   0  3  2  0  0  0/0    18:47   0:00   5:54 
Jiri Hudler              3  2  5   3  0   7  0  0  3  0  0/0    15:51   4:07   0:00 
Josh Bailey              0  1  1   1  0   0  0  0  0  0  1/1    15:55   4:22   0:00 
Marco Scandella          0  0  0   0  0   0  6  0  0  1  0/0    22:37   3:52   3:29 
Marian Gaborik           1  1  2   1  0   6  1  0  3  1  0/0    16:37   4:22   0:00 
Mark Arcobello           1  0  1   1  0   1  1  0  2  0  3/8     7:53   0:00   0:00 
Mike Fisher              1  1  2   0  2   7  0  1  3  0  7/14   17:26   4:26   0:00 
Mike Weaver              0  1  1   3  0   1  1  2  0  2  0/0    17:44   0:00   5:08 
Mikhail Grabovski        0  1  1   1  0   2  0  1  2  0  0/1    10:23   0:00   0:00 
Stephane Robidas         0  0  0   2  2   1  2  0  0  0  0/0    19:49   4:37   0:00 
Stephen Gionta           0  0  0   1  0   2  0  0  2  1  2/2    11:57   0:00   4:04 
Thomas Hickey            0  0  0   0  2   6  1  0  0  1  0/0    21:06   3:52   2:16 
Travis Zajac             1  0  1   0  2   2  1  0  2  0  11/14  14:22   0:00   3:22 

3 Stars

1 - Jiri Hudler (Car)
2 - Eric Staal (Car)
3 - Adam Henrique (Car)

Power Play

RedWings - 1 on 6 Attempt(s) - 16.67%
Hurricanes - 3 on 7 Attempt(s) - 42.86%

Penalty Kill

RedWings - 4 on 7 Attempt(s) - 57.14% - Score 0 goal in Penalty Kill
Hurricanes - 5 on 6 Attempt(s) - 83.33% - Score 0 goal in Penalty Kill

Team Stat

RedWings - Hits : 20 - Faceoff Wins : 24 - Blocked Shots : 14 - Penalty Minutes : 14
Hurricanes - Hits : 22 - Faceoff Wins : 39 - Blocked Shots : 9 - Penalty Minutes : 12

Official

Referees : Unknown
Linesman : Unknown

Game Notes

Tomas Kopecky is injured at 3:27 of 1st period (Right Hand)
Ben Scrivens enters game at 5:30 of 2nd period
5:42 of 2nd period - RedWings goal is going for a video replay. After video review, No Goal. The puck has been kicked using a distinct kicking motion.
Jiri Hudler has scored a Hat Trick!
Jonas Hiller enters game at 7:14 of 3rd period

Finance

Level 1 -- Attendance: 4875 (81.25%) -- Ticket Income $438,750
Level 2 -- Attendance: 4769 (95.38%) -- Ticket Income $238,450
Level 3 -- Attendance: 2000 (100.00%) -- Ticket Income $60,000
Level 4 -- Attendance: 4000 (100.00%) -- Ticket Income $60,000
Luxury Box -- Attendance: 788 (78.80%) -- Ticket Income $157,600
Game was played at the RBC Arena.
Total Attendance: 16432 (91.29%)
Total Ticket Income: $954,800
Other Income: $467,852
Total Income: $1,422,652

RedWings

5 vs 5 Forward 
   Center                   Left Wing                Right Wing               Time % Phy DF OF 
 1 Shawn Horcoff            Shane Doan               Milan Michalek           35     1   2  2  
 2 Devante Smith-Pelly      Patrick Sharp            Martin Erat              30     1   2  2  
 3 Mark Letestu             Tomas Kopecky            Chris VandeVelde         22     1   2  2  
 4 TJ Galiardi              Steve Downie             Beau Bennett             13     1   2  2  

5 vs 5 Defense 
   Defense                  Defense                                           Time % Phy DF OF 
 1 Aaron Ekblad             Nick Leddy                                        35     1   2  2  
 2 Alexei Emelin            Zbynek Michalek                                   30     1   2  2  
 3 John-Michael Liles       Eric Gryba                                        22     1   2  2  
 4 Zbynek Michalek          Nick Leddy                                        13     1   2  2  

PowerPlay Forward 
   Center                   Left Wing                Right Wing               Time % Phy DF OF 
 1 Shawn Horcoff            Shane Doan               Milan Michalek           60     1   0  4  
 2 Devante Smith-Pelly      Patrick Sharp            Martin Erat              40     1   0  4  

PowerPlay Defense
   Defense                  Defense                                           Time % Phy DF OF 
 1 Aaron Ekblad             Nick Leddy                                        60     1   1  3  
 2 Nick Leddy               Aaron Ekblad                                      40     1   1  3  

Penalty Kill 4 Players Forward 
   Center                   Wing                     Time % Phy DF OF 
 1 Mark Letestu             TJ Galiardi              60     1   3  1  
 2 Chris VandeVelde         Tomas Kopecky            40     1   3  1  

Penalty Kill 4 Players Defense
   Defense                  Defense                  Time % Phy DF OF 
 1 Zbynek Michalek          Nick Leddy               60     1   4  0  
 2 Alexei Emelin            Eric Gryba               40     1   4  0  

Penalty Kill - 3 Players Forward 
   Forward                                           Time % Phy DF OF 
 1 Mark Letestu                                      60     1   4  0  
 2 Chris VandeVelde                                  40     1   4  0  

Penalty Kill - 3 Players Defense
   Defense                  Defense                  Time % Phy DF OF 
 1 Zbynek Michalek          Nick Leddy               60     1   4  0  
 2 Alexei Emelin            Eric Gryba               40     1   4  0  

4 vs 4 Forward 
   Center                   Wing                     Time % Phy DF OF 
 1 Shane Doan               Milan Michalek           60     1   2  2  
 2 Patrick Sharp            Shawn Horcoff            40     1   2  2  

4 vs 4 Defense
   Defense                  Defense                  Time % Phy DF OF 
 1 Zbynek Michalek          Nick Leddy               60     1   2  2  
 2 Alexei Emelin            Aaron Ekblad             40     1   2  2  

Last Minutes Offensive
   Center                   Left Wing                Right Wing               Defense                  Defense                  
   Shawn Horcoff            Shane Doan               Milan Michalek           Zbynek Michalek          Nick Leddy               

Last Minutes Defensive
   Center                   Left Wing                Right Wing               Defense                  Defense                  
   Shawn Horcoff            Shane Doan               Milan Michalek           Zbynek Michalek          Nick Leddy               

Goaltenders
Starting : Jonas Hiller             
Backup : Ben Scrivens             

Extra Forwards
Normal : Tomas Kopecky, Beau Bennett, Devante Smith-Pelly - PP : Tomas Kopecky, Beau Bennett - PK : Devante Smith-Pelly
Extra Defensemen
Normal : John-Michael Liles, Eric Gryba, Aaron Ekblad - PP : John-Michael Liles - PK : Eric Gryba, Aaron Ekblad
Penalty Shots
Shawn Horcoff, Tomas Kopecky, Mark Letestu, Devante Smith-Pelly, John-Michael Liles

Hurricanes

5 vs 5 Forward 
   Center                   Left Wing                Right Wing               Time % Phy DF OF 
 1 Mike Fisher              Josh Bailey              Marian Gaborik           28     0   2  3  
 2 Eric Staal               Adam Henrique            Jiri Hudler              27     0   2  3  
 3 Travis Zajac             Andrew Ebbett            Mikhail Grabovski        25     0   2  3  
 4 Mark Arcobello           Brian Flynn              Stephen Gionta           20     0   2  3  

5 vs 5 Defense 
   Defense                  Defense                                           Time % Phy DF OF 
 1 Dennis Wideman           Stephane Robidas                                  35     0   2  3  
 2 Marco Scandella          Thomas Hickey                                     35     0   2  3  
 3 Fedor Tyutin             Mike Weaver                                       30     1   2  2  
 4 Dennis Wideman           Stephane Robidas                                  0      0   2  3  

PowerPlay Forward 
   Center                   Left Wing                Right Wing               Time % Phy DF OF 
 1 Mike Fisher              Josh Bailey              Marian Gaborik           50     0   1  4  
 2 Eric Staal               Adam Henrique            Jiri Hudler              50     0   1  4  

PowerPlay Defense
   Defense                  Defense                                           Time % Phy DF OF 
 1 Dennis Wideman           Stephane Robidas                                  50     0   1  4  
 2 Marco Scandella          Thomas Hickey                                     50     0   1  4  

Penalty Kill 4 Players Forward 
   Center                   Wing                     Time % Phy DF OF 
 1 Brian Flynn              Stephen Gionta           50     0   4  1  
 2 Travis Zajac             Andrew Ebbett            50     0   4  1  

Penalty Kill 4 Players Defense
   Defense                  Defense                  Time % Phy DF OF 
 1 Fedor Tyutin             Mike Weaver              50     1   4  0  
 2 Marco Scandella          Thomas Hickey            50     1   4  0  

Penalty Kill - 3 Players Forward 
   Forward                                           Time % Phy DF OF 
 1 Brian Flynn                                       50     0   5  0  
 2 Travis Zajac                                      50     0   5  0  

Penalty Kill - 3 Players Defense
   Defense                  Defense                  Time % Phy DF OF 
 1 Fedor Tyutin             Mike Weaver              50     1   4  0  
 2 Marco Scandella          Thomas Hickey            50     1   4  0  

4 vs 4 Forward 
   Center                   Wing                     Time % Phy DF OF 
 1 Mike Fisher              Marian Gaborik           50     0   2  3  
 2 Eric Staal               Jiri Hudler              50     0   2  3  

4 vs 4 Defense
   Defense                  Defense                  Time % Phy DF OF 
 1 Dennis Wideman           Stephane Robidas         50     0   2  3  
 2 Marco Scandella          Thomas Hickey            50     0   2  3  

Last Minutes Offensive
   Center                   Left Wing                Right Wing               Defense                  Defense                  
   Mike Fisher              Jiri Hudler              Marian Gaborik           Dennis Wideman           Marco Scandella          

Last Minutes Defensive
   Center                   Left Wing                Right Wing               Defense                  Defense                  
   Travis Zajac             Brian Flynn              Stephen Gionta           Fedor Tyutin             Mike Weaver              

Goaltenders
Starting : Brian Elliott            
Backup : Michal Neuvirth          

Extra Forwards
Normal : Adam Henrique, Mike Fisher, Marian Gaborik - PP : Marian Gaborik, Adam Henrique - PK : Adam Henrique
Extra Defensemen
Normal : Dennis Wideman, Fedor Tyutin, Thomas Hickey - PP : Fedor Tyutin - PK : Thomas Hickey, Fedor Tyutin
Penalty Shots
Adam Henrique, Marian Gaborik, Jiri Hudler, Mike Fisher, Eric Staal

% Time on Ice - RedWings

Lines # - Real PCT - Wanted PCT - Time Play
Normal Forward
1 - 32% - 35% - 13:17
2 - 31% - 30% - 12:41
3 - 24% - 22% - 9:59
4 - 13% - 13% - 5:13
Normal Defense
1 - 35% - 35% - 14:21
2 - 31% - 30% - 12:46
3 - 28% - 22% - 11:24
4 - 6% - 13% - 2:39
PP Forward
1 - 50% - 60% - 4:17
2 - 50% - 40% - 4:20
PP Defense
1 - 89% - 60% - 7:38
2 - 11% - 40% - 0:59
PK Forward
1 - 85% - 60% - 7:15
2 - 15% - 40% - 1:15
PK Defense
1 - 63% - 60% - 5:20
2 - 37% - 40% - 3:10
PK3 Forward
1 - 0% - 60%
2 - 0% - 40%
PK3 Defense
1 - 0% - 60%
2 - 0% - 40%
44 Forward
1 - 100% - 60% - 1:43
2 - 0% - 40% - 0:00
44 Defense
1 - 100% - 60% - 1:43
2 - 0% - 40% - 0:00
Last Minute Offensive  - 0:00
Last Minute Defensive  - 0:00
Total
Forward - 60:00
Defense - 60:00

% Time on Ice - Hurricanes

Lines # - Real PCT - Wanted PCT - Time Play
Normal Forward
1 - 28% - 28% - 11:33
2 - 28% - 27% - 11:21
3 - 25% - 25% - 10:23
4 - 19% - 20% - 7:53
Normal Defense
1 - 34% - 35% - 14:07
2 - 35% - 35% - 14:27
3 - 31% - 30% - 12:36
4 - 0% - 0% - 0:00
PP Forward
1 - 51% - 50% - 4:22
2 - 49% - 50% - 4:08
PP Defense
1 - 54% - 50% - 4:37
2 - 46% - 50% - 3:53
PK Forward
1 - 47% - 50% - 4:04
2 - 53% - 50% - 4:33
PK Defense
1 - 60% - 50% - 5:08
2 - 40% - 50% - 3:29
PK3 Forward
1 - 0% - 50%
2 - 0% - 50%
PK3 Defense
1 - 0% - 50%
2 - 0% - 50%
44 Forward
1 - 41% - 50% - 0:42
2 - 59% - 50% - 1:01
44 Defense
1 - 52% - 50% - 0:54
2 - 48% - 50% - 0:49
Last Minute Offensive  - 0:00
Last Minute Defensive  - 0:00
Total
Forward - 60:00
Defense - 60:00

Play by Play

1st period


0:01 of 1st period - Shawn Horcoff wins face-off versus Mike Fisher in neutral zone.
0:04 of 1st period - Snap shot by Aaron Ekblad.
0:04 of 1st period - Stopped by Brian Elliott with a rebound.
0:16 of 1st period - Wrist shot by Marian Gaborik.
0:16 of 1st period - Stopped by Jonas Hiller with a rebound.
0:18 of 1st period - Snap shot by Stephane Robidas.
0:18 of 1st period - Stopped by Jonas Hiller without a rebound.
0:19 of 1st period - Mike Fisher wins face-off versus Shawn Horcoff in RedWings zone.
0:44 of 1st period - Slapshot by Marian Gaborik.
0:44 of 1st period - Shot Misses the Net.
0:46 of 1st period - Slapshot by Mike Fisher.
0:46 of 1st period - Shot Misses the Net.
1:00 of 1st period - Snap shot by Jiri Hudler.
1:00 of 1st period - Goal by Jiri Hudler - RedWings : 0 - Hurricanes : 1.
1:01 of 1st period - Travis Zajac wins face-off versus Martin Erat in neutral zone.
1:23 of 1st period - Off-side.
1:24 of 1st period - Mark Arcobello wins face-off versus Mark Letestu in neutral zone.
2:10 of 1st period - John-Michael Liles is hit by Fedor Tyutin and loses puck.
2:19 of 1st period - Slapshot by Adam Henrique.
2:19 of 1st period - Deflect By Eric Staal.
2:19 of 1st period - Stopped by Jonas Hiller with a rebound.
2:21 of 1st period - Wrist shot by Adam Henrique.
2:21 of 1st period - Goal by Adam Henrique - RedWings : 0 - Hurricanes : 2.
2:22 of 1st period - Travis Zajac wins face-off versus Devante Smith-Pelly in neutral zone.
2:32 of 1st period - Minor Penalty to Alexei Emelin for Roughing.
2:33 of 1st period - Josh Bailey wins face-off versus Mark Letestu in RedWings zone.
2:53 of 1st period - Snap shot by Marian Gaborik.
2:53 of 1st period - Stopped by Jonas Hiller with a rebound.
2:55 of 1st period - Slapshot by Dennis Wideman.
2:55 of 1st period - Deflect By Mike Fisher.
2:55 of 1st period - Shot Misses the Net.
2:55 of 1st period - Puck is out of play.
2:56 of 1st period - Eric Staal wins face-off versus Mark Letestu in RedWings zone.
2:59 of 1st period - Wrist shot by Jiri Hudler.
2:59 of 1st period - Deflect By Adam Henrique.
2:59 of 1st period - Shot Misses the Net.
2:59 of 1st period - Puck is out of play.
3:00 of 1st period - Mark Letestu wins face-off versus Eric Staal in RedWings zone.
3:00 of 1st period - Mark Letestu is hit by Marco Scandella.
3:26 of 1st period - Tomas Kopecky is hit by Eric Staal and loses puck.
3:27 of 1st period - Tomas Kopecky from RedWings is injured at 3:27 of 1st period (Right Hand).
3:28 of 1st period - Mike Fisher wins face-off versus Mark Letestu in RedWings zone.
3:43 of 1st period - Wrist shot by Marian Gaborik.
3:43 of 1st period - Stopped by Jonas Hiller with a rebound.
3:45 of 1st period - Snap shot by Mike Fisher.
3:45 of 1st period - Shot Blocked by Zbynek Michalek.
4:03 of 1st period - Slapshot by Marian Gaborik.
4:03 of 1st period - Goal by Marian Gaborik - RedWings : 0 - Hurricanes : 3.
4:04 of 1st period - Devante Smith-Pelly wins face-off versus Eric Staal in neutral zone.
4:07 of 1st period - Wrist shot by Patrick Sharp.
4:07 of 1st period - Shot Misses the Net.
4:13 of 1st period - Zbynek Michalek is hit by Marco Scandella and loses puck.
4:36 of 1st period - Devante Smith-Pelly is hit by Marco Scandella and loses puck.
4:57 of 1st period - Mikhail Grabovski is hit by Aaron Ekblad and loses puck.
5:06 of 1st period - Aaron Ekblad is hit by Travis Zajac and loses puck.
5:23 of 1st period - Snap shot by Shawn Horcoff.
5:23 of 1st period - Stopped by Brian Elliott with a rebound.
5:43 of 1st period - Stephane Robidas is hit by Nick Leddy.
5:51 of 1st period - Snap shot by Beau Bennett.
5:51 of 1st period - Shot Blocked by Dennis Wideman.
6:09 of 1st period - Wrist shot by Mike Fisher.
6:09 of 1st period - Stopped by Jonas Hiller with a rebound.
6:52 of 1st period - Mark Letestu is hit by Mike Weaver and loses puck.
7:30 of 1st period - Beau Bennett is hit by Adam Henrique and loses puck.
7:36 of 1st period - Minor Penalty to Thomas Hickey for Holding.
7:37 of 1st period - Shawn Horcoff wins face-off versus Brian Flynn in Hurricanes zone.
7:45 of 1st period - Snap shot by Milan Michalek.
7:45 of 1st period - Shot Misses the Net.
8:48 of 1st period - Andrew Ebbett is hit by Devante Smith-Pelly and loses puck.
8:55 of 1st period - Aaron Ekblad is hit by Marco Scandella and loses puck.
9:12 of 1st period - Shawn Horcoff is hit by Marco Scandella and loses puck.
9:36 of 1st period - Penalty to Thomas Hickey is over, Thomas Hickey is back on ice.
9:51 of 1st period - Zbynek Michalek is hit by Marco Scandella and loses puck.
10:32 of 1st period - Snap shot by Jiri Hudler.
10:32 of 1st period - Shot Misses the Net.
11:59 of 1st period - Snap shot by Marian Gaborik.
11:59 of 1st period - Stopped by Jonas Hiller without a rebound.
12:00 of 1st period - Mark Letestu wins face-off versus Mike Fisher in RedWings zone.
12:38 of 1st period - Minor Penalty to Eric Staal for Goalie Interference.
12:39 of 1st period - Travis Zajac wins face-off versus Martin Erat in Hurricanes zone.
12:54 of 1st period - Minor Penalty to Martin Erat for Slashing.
12:55 of 1st period - Shane Doan wins face-off versus Mike Fisher in RedWings zone.
13:47 of 1st period - Stephane Robidas is hit by Zbynek Michalek and loses puck.
14:04 of 1st period - Backhand shot by Jiri Hudler.
14:04 of 1st period - Shot Misses the Net.
14:06 of 1st period - Slapshot by Thomas Hickey.
14:06 of 1st period - Stopped by Jonas Hiller with a rebound.
14:08 of 1st period - Snap shot by Jiri Hudler.
14:08 of 1st period - Shot Misses the Net.
14:10 of 1st period - Wrist shot by Jiri Hudler.
14:10 of 1st period - Stopped by Jonas Hiller with a rebound.
14:12 of 1st period - Slapshot by Thomas Hickey.
14:12 of 1st period - Shot Blocked by Zbynek Michalek.
14:38 of 1st period - Penalty to Eric Staal is over, Eric Staal is back on ice.
14:54 of 1st period - Penalty to Martin Erat is over, Martin Erat is back on ice.
15:12 of 1st period - Snap shot by Mikhail Grabovski.
15:12 of 1st period - Shot Misses the Net.
15:14 of 1st period - Slapshot by Mike Weaver.
15:14 of 1st period - Shot Blocked by Milan Michalek.
15:53 of 1st period - Brian Flynn is hit by Steve Downie and loses puck.
16:00 of 1st period - Thomas Hickey is hit by Steve Downie and loses puck.
16:17 of 1st period - Off-side.
16:18 of 1st period - Eric Staal wins face-off versus Mark Letestu in neutral zone.
16:33 of 1st period - Wrist shot by Chris VandeVelde.
16:33 of 1st period - Shot Hit the Post.
17:10 of 1st period - Wrist shot by Patrick Sharp.
17:10 of 1st period - Shot Misses the Net.
17:12 of 1st period - Slapshot by Patrick Sharp.
17:12 of 1st period - Stopped by Brian Elliott with a rebound.
17:14 of 1st period - Wrist shot by Devante Smith-Pelly.
17:14 of 1st period - Shot Misses the Net.
17:16 of 1st period - Snap shot by Martin Erat.
17:16 of 1st period - Stopped by Brian Elliott with a rebound.
17:18 of 1st period - Slapshot by John-Michael Liles.
17:18 of 1st period - Deflect By Devante Smith-Pelly.
17:18 of 1st period - Shot Misses the Net.
17:18 of 1st period - Puck is out of play.
17:19 of 1st period - Travis Zajac wins face-off versus TJ Galiardi in Hurricanes zone.
17:31 of 1st period - Off-side.
17:32 of 1st period - TJ Galiardi wins face-off versus Travis Zajac in neutral zone.
17:49 of 1st period - Wrist shot by Steve Downie.
17:49 of 1st period - Shot Misses the Net.
17:55 of 1st period - Minor Penalty to Travis Zajac for Interference.
17:56 of 1st period - Martin Erat wins face-off versus Brian Flynn in Hurricanes zone.
18:46 of 1st period - Martin Erat is hit by Fedor Tyutin and loses puck.
19:13 of 1st period - Martin Erat is hit by Adam Henrique and loses puck.
19:28 of 1st period - TJ Galiardi is hit by Fedor Tyutin and loses puck.
19:55 of 1st period - Penalty to Travis Zajac is over, Travis Zajac is back on ice.
Goals for this period are 0 for RedWings vs 3 for Hurricanes.
Shots for this period are 4 for RedWings vs 12 for Hurricanes.

2nd period


0:01 of 2nd period - Eric Staal wins face-off versus Devante Smith-Pelly in neutral zone.
0:08 of 2nd period - Devante Smith-Pelly is hit by Adam Henrique and loses puck.
0:38 of 2nd period - Nick Leddy is hit by Thomas Hickey and loses puck.
2:00 of 2nd period - Snap shot by Steve Downie.
2:00 of 2nd period - Stopped by Brian Elliott with a rebound.
2:02 of 2nd period - Snap shot by Beau Bennett.
2:02 of 2nd period - Deflect By Marco Scandella.
2:02 of 2nd period - Stopped by Brian Elliott with a rebound.
2:06 of 2nd period - Wrist shot by Steve Downie.
2:06 of 2nd period - Shot Misses the Net.
2:08 of 2nd period - Minor Penalty to Mike Fisher for Slashing.
2:09 of 2nd period - Brian Flynn wins face-off versus Shawn Horcoff in Hurricanes zone.
2:55 of 2nd period - Off-side.
2:56 of 2nd period - Brian Flynn wins face-off versus Devante Smith-Pelly in neutral zone.
3:01 of 2nd period - Snap shot by Stephen Gionta.
3:01 of 2nd period - Stopped by Jonas Hiller with a rebound.
4:07 of 2nd period - Thomas Hickey is hit by Shawn Horcoff and loses puck.
4:08 of 2nd period - Penalty to Mike Fisher is over, Mike Fisher is back on ice.
4:31 of 2nd period - Slapshot by Chris VandeVelde.
4:31 of 2nd period - Shot Misses the Net.
4:33 of 2nd period - Snap shot by Mark Letestu.
4:33 of 2nd period - Goal by Mark Letestu - RedWings : 1 - Hurricanes : 3.
4:34 of 2nd period - Eric Staal wins face-off versus Devante Smith-Pelly in neutral zone.
4:59 of 2nd period - Snap shot by Eric Staal.
4:59 of 2nd period - Stopped by Jonas Hiller without a rebound.
5:00 of 2nd period - Mark Letestu wins face-off versus Mark Arcobello in RedWings zone.
5:03 of 2nd period - Wrist shot by Brian Flynn.
5:03 of 2nd period - Shot Misses the Net.
5:05 of 2nd period - Wrist shot by Brian Flynn.
5:05 of 2nd period - Shot Blocked by Chris VandeVelde.
5:07 of 2nd period - Wrist shot by Stephen Gionta.
5:07 of 2nd period - Stopped by Jonas Hiller without a rebound.
5:08 of 2nd period - Mark Letestu wins face-off versus Mark Arcobello in RedWings zone.
5:08 of 2nd period - Mark Letestu is hit by Mark Arcobello.
5:24 of 2nd period - Backhand shot by Mark Arcobello.
5:24 of 2nd period - Shot Misses the Net.
5:26 of 2nd period - Snap shot by Mike Weaver.
5:26 of 2nd period - Stopped by Jonas Hiller with a rebound.
5:28 of 2nd period - Slapshot by Mike Weaver.
5:28 of 2nd period - Shot Blocked by Mark Letestu.
5:30 of 2nd period - Slapshot by Mark Arcobello.
5:30 of 2nd period - Goal by Mark Arcobello - RedWings : 1 - Hurricanes : 4.
5:30 of 2nd period - Ben Scrivens enters game.
5:31 of 2nd period - Shawn Horcoff wins face-off versus Travis Zajac in neutral zone.
5:36 of 2nd period - Wrist shot by Milan Michalek.
5:36 of 2nd period - Stopped by Brian Elliott with a rebound.
5:38 of 2nd period - Snap shot by Shawn Horcoff.
5:38 of 2nd period - Stopped by Brian Elliott with a rebound.
5:40 of 2nd period - Wrist shot by Milan Michalek.
5:40 of 2nd period - Shot Misses the Net.
5:42 of 2nd period - Wrist shot by Milan Michalek.
5:42 of 2nd period - Deflect By Shawn Horcoff.
5:42 of 2nd period - RedWings goal is going for a video replay.
5:42 of 2nd period - The goal is refused. The puck has been kicked using a distinct kicking motion..
5:43 of 2nd period - Travis Zajac wins face-off versus Shawn Horcoff in Hurricanes zone.
5:43 of 2nd period - Travis Zajac is hit by Milan Michalek.
5:57 of 2nd period - Snap shot by Milan Michalek.
5:57 of 2nd period - Deflect By Shawn Horcoff.
5:57 of 2nd period - Shot Blocked by Dennis Wideman.
5:57 of 2nd period - Puck is out of play.
5:58 of 2nd period - Mark Arcobello wins face-off versus Devante Smith-Pelly in Hurricanes zone.
5:58 of 2nd period - Mark Arcobello is hit by Devante Smith-Pelly.
6:07 of 2nd period - Minor Penalty to Alexei Emelin for Hooking.
6:08 of 2nd period - Mark Letestu wins face-off versus Eric Staal in RedWings zone.
6:18 of 2nd period - Snap shot by Jiri Hudler.
6:18 of 2nd period - Goal by Jiri Hudler - RedWings : 1 - Hurricanes : 5.
6:19 of 2nd period - Travis Zajac wins face-off versus Milan Michalek in neutral zone.
6:39 of 2nd period - Snap shot by Travis Zajac.
6:39 of 2nd period - Stopped by Ben Scrivens with a rebound.
6:41 of 2nd period - Slapshot by Stephane Robidas.
6:41 of 2nd period - Shot Misses the Net.
6:43 of 2nd period - Snap shot by Stephane Robidas.
6:43 of 2nd period - Shot Misses the Net.
7:32 of 2nd period - Devante Smith-Pelly is hit by Adam Henrique and loses puck.
7:55 of 2nd period - Slapshot by Mike Fisher.
7:55 of 2nd period - Goal by Mike Fisher - RedWings : 1 - Hurricanes : 6.
7:56 of 2nd period - Mark Letestu wins face-off versus Mark Arcobello in neutral zone.
8:04 of 2nd period - Snap shot by Aaron Ekblad.
8:04 of 2nd period - Stopped by Brian Elliott with a rebound.
8:34 of 2nd period - Icing by Beau Bennett.
8:35 of 2nd period - Mark Letestu wins face-off versus Mike Fisher in RedWings zone.
8:42 of 2nd period - Thomas Hickey is hit by Mark Letestu and loses puck.
8:57 of 2nd period - Wrist shot by Mike Fisher.
8:57 of 2nd period - Stopped by Ben Scrivens with a rebound.
8:59 of 2nd period - Slapshot by Thomas Hickey.
8:59 of 2nd period - Stopped by Ben Scrivens without a rebound.
9:00 of 2nd period - Travis Zajac wins face-off versus Shawn Horcoff in RedWings zone.
9:53 of 2nd period - Jiri Hudler is hit by Zbynek Michalek and loses puck.
10:10 of 2nd period - Jiri Hudler is hit by Martin Erat.
10:26 of 2nd period - Slapshot by Aaron Ekblad.
10:26 of 2nd period - Stopped by Brian Elliott with a rebound.
10:30 of 2nd period - Wrist shot by TJ Galiardi.
10:30 of 2nd period - Stopped by Brian Elliott with a rebound.
10:32 of 2nd period - Wrist shot by Beau Bennett.
10:32 of 2nd period - Shot Misses the Net.
10:34 of 2nd period - Snap shot by Aaron Ekblad.
10:34 of 2nd period - Stopped by Brian Elliott without a rebound.
10:35 of 2nd period - Mike Fisher wins face-off versus TJ Galiardi in Hurricanes zone.
11:03 of 2nd period - Off-side.
11:04 of 2nd period - Mark Arcobello wins face-off versus Shawn Horcoff in neutral zone.
11:07 of 2nd period - Slapshot by Dennis Wideman.
11:07 of 2nd period - Stopped by Ben Scrivens with a rebound.
11:09 of 2nd period - Slapshot by Stephane Robidas.
11:09 of 2nd period - Shot Misses the Net.
11:16 of 2nd period - Off-side.
11:17 of 2nd period - Stephen Gionta wins face-off versus Shawn Horcoff in neutral zone.
11:53 of 2nd period - Shawn Horcoff is hit by Stephane Robidas and loses puck.
12:14 of 2nd period - Marco Scandella is hit by Milan Michalek and loses puck.
12:36 of 2nd period - Off-side.
12:37 of 2nd period - Devante Smith-Pelly wins face-off versus Travis Zajac in neutral zone.
12:52 of 2nd period - Slapshot by Martin Erat.
12:52 of 2nd period - Stopped by Brian Elliott with a rebound.
12:54 of 2nd period - Slapshot by Zbynek Michalek.
12:54 of 2nd period - Deflect By Patrick Sharp.
12:54 of 2nd period - Shot Blocked by Fedor Tyutin.
12:54 of 2nd period - Puck is out of play.
12:55 of 2nd period - Andrew Ebbett wins face-off versus Mark Letestu in Hurricanes zone.
13:07 of 2nd period - Minor Penalty to Eric Gryba for Holding Stick.
13:08 of 2nd period - Adam Henrique wins face-off versus Mark Letestu in RedWings zone.
13:24 of 2nd period - Slapshot by Jiri Hudler.
13:24 of 2nd period - Stopped by Ben Scrivens without a rebound.
13:25 of 2nd period - Eric Staal wins face-off versus Mark Letestu in RedWings zone.
15:07 of 2nd period - Penalty to Eric Gryba is over, Eric Gryba is back on ice.
15:20 of 2nd period - Snap shot by Mike Fisher.
15:20 of 2nd period - Stopped by Ben Scrivens without a rebound.
15:21 of 2nd period - Mike Fisher wins face-off versus Shawn Horcoff in RedWings zone.
16:28 of 2nd period - Minor Penalty to Stephane Robidas for High sticking.
16:29 of 2nd period - Shawn Horcoff wins face-off versus Brian Flynn in Hurricanes zone.
17:18 of 2nd period - Snap shot by Travis Zajac.
17:18 of 2nd period - Shot Blocked by Aaron Ekblad.
17:20 of 2nd period - Wrist shot by Fedor Tyutin.
17:20 of 2nd period - Shot Misses the Net.
17:50 of 2nd period - Snap shot by Shane Doan.
17:50 of 2nd period - Shot Misses the Net.
18:28 of 2nd period - Penalty to Stephane Robidas is over, Stephane Robidas is back on ice.
18:46 of 2nd period - Jiri Hudler is hit by Chris VandeVelde and loses puck.
19:40 of 2nd period - Slapshot by Steve Downie.
19:40 of 2nd period - Stopped by Brian Elliott without a rebound.
19:41 of 2nd period - Steve Downie wins face-off versus Mike Fisher in Hurricanes zone.
19:42 of 2nd period - Wrist shot by Beau Bennett.
19:42 of 2nd period - Shot Misses the Net.
Goals for this period are 1 for RedWings vs 3 for Hurricanes.
Shots for this period are 12 for RedWings vs 13 for Hurricanes.

3rd period


0:01 of 3rd period - Devante Smith-Pelly wins face-off versus Eric Staal in neutral zone.
0:05 of 3rd period - Off-side.
0:06 of 3rd period - Eric Staal wins face-off versus Devante Smith-Pelly in neutral zone.
0:34 of 3rd period - Minor Penalty to Adam Henrique for Hooking.
0:35 of 3rd period - Brian Flynn wins face-off versus Shawn Horcoff in Hurricanes zone.
0:45 of 3rd period - Slapshot by Shawn Horcoff.
0:45 of 3rd period - Stopped by Brian Elliott with a rebound.
0:47 of 3rd period - Slapshot by Aaron Ekblad.
0:47 of 3rd period - Shot Blocked by Mike Weaver.
0:49 of 3rd period - Slapshot by Shane Doan.
0:49 of 3rd period - Shot Misses the Net.
0:51 of 3rd period - Snap shot by Nick Leddy.
0:51 of 3rd period - Shot Misses the Net.
0:59 of 3rd period - Snap shot by Shawn Horcoff.
0:59 of 3rd period - Goal by Shawn Horcoff - RedWings : 2 - Hurricanes : 6.
1:00 of 3rd period - Mike Fisher wins face-off versus Devante Smith-Pelly in neutral zone.
1:16 of 3rd period - Slapshot by Marian Gaborik.
1:16 of 3rd period - Stopped by Ben Scrivens with a rebound.
1:18 of 3rd period - Wrist shot by Mike Fisher.
1:18 of 3rd period - Stopped by Ben Scrivens with a rebound.
1:20 of 3rd period - Slapshot by Thomas Hickey.
1:20 of 3rd period - Shot Blocked by Zbynek Michalek.
1:26 of 3rd period - Wrist shot by Mike Fisher.
1:26 of 3rd period - Stopped by Ben Scrivens with a rebound.
1:28 of 3rd period - Snap shot by Thomas Hickey.
1:28 of 3rd period - Deflect By Patrick Sharp.
1:28 of 3rd period - Stopped by Ben Scrivens with a rebound.
1:30 of 3rd period - Snap shot by Marco Scandella.
1:30 of 3rd period - Shot Blocked by Nick Leddy.
1:32 of 3rd period - Slapshot by Marco Scandella.
1:32 of 3rd period - Shot Blocked by Devante Smith-Pelly.
1:34 of 3rd period - Slapshot by Marco Scandella.
1:34 of 3rd period - Shot Blocked by Zbynek Michalek.
1:36 of 3rd period - Wrist shot by Mike Fisher.
1:36 of 3rd period - Shot Misses the Net.
1:38 of 3rd period - Slapshot by Marco Scandella.
1:38 of 3rd period - Shot Misses the Net.
1:59 of 3rd period - Snap shot by Travis Zajac.
1:59 of 3rd period - Shot Misses the Net.
2:01 of 3rd period - Slapshot by Travis Zajac.
2:01 of 3rd period - Goal by Travis Zajac - RedWings : 2 - Hurricanes : 7.
2:02 of 3rd period - Travis Zajac wins face-off versus Shawn Horcoff in neutral zone.
2:31 of 3rd period - Snap shot by Shane Doan.
2:31 of 3rd period - Stopped by Brian Elliott with a rebound.
2:33 of 3rd period - Wrist shot by Milan Michalek.
2:33 of 3rd period - Shot Blocked by Mike Weaver.
2:35 of 3rd period - Wrist shot by Milan Michalek.
2:35 of 3rd period - Stopped by Brian Elliott with a rebound.
2:37 of 3rd period - Snap shot by Shawn Horcoff.
2:37 of 3rd period - Stopped by Brian Elliott without a rebound.
2:38 of 3rd period - Eric Staal wins face-off versus Mark Letestu in Hurricanes zone.
3:54 of 3rd period - Off-side.
3:55 of 3rd period - Shawn Horcoff wins face-off versus Mark Arcobello in neutral zone.
4:49 of 3rd period - Wrist shot by Steve Downie.
4:49 of 3rd period - Stopped by Brian Elliott with a rebound.
4:51 of 3rd period - Slapshot by Eric Gryba.
4:51 of 3rd period - Stopped by Brian Elliott without a rebound.
4:52 of 3rd period - Travis Zajac wins face-off versus TJ Galiardi in Hurricanes zone.
5:05 of 3rd period - Wrist shot by Mikhail Grabovski.
5:05 of 3rd period - Stopped by Ben Scrivens with a rebound.
5:07 of 3rd period - Slapshot by Andrew Ebbett.
5:07 of 3rd period - Shot Blocked by John-Michael Liles.
5:09 of 3rd period - Wrist shot by Mikhail Grabovski.
5:09 of 3rd period - Stopped by Ben Scrivens with a rebound.
5:11 of 3rd period - Slapshot by Thomas Hickey.
5:11 of 3rd period - Deflect By John-Michael Liles.
5:11 of 3rd period - Stopped by Ben Scrivens without a rebound.
5:12 of 3rd period - Travis Zajac wins face-off versus Devante Smith-Pelly in RedWings zone.
5:21 of 3rd period - Andrew Ebbett is hit by Devante Smith-Pelly and loses puck.
6:22 of 3rd period - Mike Fisher is hit by Shane Doan and loses puck.
6:49 of 3rd period - Fedor Tyutin is hit by Chris VandeVelde and loses puck.
7:14 of 3rd period - Snap shot by Jiri Hudler.
7:14 of 3rd period - Goal by Jiri Hudler - RedWings : 2 - Hurricanes : 8.
7:14 of 3rd period - Jonas Hiller enters game.
7:15 of 3rd period - Stephen Gionta wins face-off versus Devante Smith-Pelly in neutral zone.
7:18 of 3rd period - Patrick Sharp is hit by Dennis Wideman and loses puck.
7:33 of 3rd period - Snap shot by Aaron Ekblad.
7:33 of 3rd period - Stopped by Brian Elliott with a rebound.
7:35 of 3rd period - Slapshot by Aaron Ekblad.
7:35 of 3rd period - Deflect By Patrick Sharp.
7:35 of 3rd period - Stopped by Brian Elliott with a rebound.
7:41 of 3rd period - Slapshot by Aaron Ekblad.
7:41 of 3rd period - Deflect By Patrick Sharp.
7:41 of 3rd period - Shot Misses the Net.
7:41 of 3rd period - Puck is out of play.
7:42 of 3rd period - Mike Fisher wins face-off versus Shawn Horcoff in Hurricanes zone.
7:52 of 3rd period - Snap shot by Milan Michalek.
7:52 of 3rd period - Shot Blocked by Mike Fisher.
7:54 of 3rd period - Slapshot by Zbynek Michalek.
7:54 of 3rd period - Stopped by Brian Elliott with a rebound.
7:56 of 3rd period - Wrist shot by Zbynek Michalek.
7:56 of 3rd period - Stopped by Brian Elliott with a rebound.
7:58 of 3rd period - Backhand shot by Zbynek Michalek.
7:58 of 3rd period - Deflect By Shane Doan.
7:58 of 3rd period - Stopped by Brian Elliott with a rebound.
8:00 of 3rd period - Slapshot by Zbynek Michalek.
8:00 of 3rd period - Shot Blocked by Fedor Tyutin.
8:02 of 3rd period - Slapshot by Milan Michalek.
8:02 of 3rd period - Shot Misses the Net.
8:06 of 3rd period - Wrist shot by Milan Michalek.
8:06 of 3rd period - Stopped by Brian Elliott with a rebound.
8:08 of 3rd period - Snap shot by Shawn Horcoff.
8:08 of 3rd period - Stopped by Brian Elliott with a rebound.
8:10 of 3rd period - Snap shot by Shawn Horcoff.
8:10 of 3rd period - Shot Hit the Post.
8:12 of 3rd period - Slapshot by Alexei Emelin.
8:12 of 3rd period - Stopped by Brian Elliott without a rebound.
8:13 of 3rd period - Mark Letestu wins face-off versus Mikhail Grabovski in Hurricanes zone.
8:14 of 3rd period - Slapshot by Aaron Ekblad.
8:14 of 3rd period - Deflect By Beau Bennett.
8:14 of 3rd period - Stopped by Brian Elliott with a rebound.
8:16 of 3rd period - Slapshot by Mark Letestu.
8:16 of 3rd period - Stopped by Brian Elliott with a rebound.
8:18 of 3rd period - Snap shot by Beau Bennett.
8:18 of 3rd period - Shot Misses the Net.
8:20 of 3rd period - Snap shot by Mark Letestu.
8:20 of 3rd period - Shot Blocked by Mikhail Grabovski.
8:36 of 3rd period - Backhand shot by Aaron Ekblad.
8:36 of 3rd period - Shot Misses the Net.
8:38 of 3rd period - Snap shot by Nick Leddy.
8:38 of 3rd period - Shot Blocked by Andrew Ebbett.
8:40 of 3rd period - Snap shot by Beau Bennett.
8:40 of 3rd period - Stopped by Brian Elliott without a rebound.
8:41 of 3rd period - Eric Staal wins face-off versus Devante Smith-Pelly in Hurricanes zone.
8:46 of 3rd period - Snap shot by Jiri Hudler.
8:46 of 3rd period - Shot Misses the Net.
9:09 of 3rd period - Minor Penalty to Martin Erat for Tripping.
9:10 of 3rd period - Mike Fisher wins face-off versus Mark Letestu in RedWings zone.
9:40 of 3rd period - Snap shot by Mike Fisher.
9:40 of 3rd period - Stopped by Jonas Hiller with a rebound.
9:59 of 3rd period - Stephane Robidas is hit by Zbynek Michalek and loses puck.
10:41 of 3rd period - Off-side.
10:42 of 3rd period - Eric Staal wins face-off versus Chris VandeVelde in neutral zone.
10:45 of 3rd period - Snap shot by Eric Staal.
10:45 of 3rd period - Goal by Eric Staal - RedWings : 2 - Hurricanes : 9.
10:46 of 3rd period - Shawn Horcoff wins face-off versus Mark Arcobello in neutral zone.
11:09 of 3rd period - Snap shot by Stephen Gionta.
11:09 of 3rd period - Shot Misses the Net.
11:11 of 3rd period - Snap shot by Dennis Wideman.
11:11 of 3rd period - Shot Misses the Net.
11:13 of 3rd period - Snap shot by Dennis Wideman.
11:13 of 3rd period - Shot Blocked by Aaron Ekblad.
12:17 of 3rd period - Snap shot by Jiri Hudler.
12:17 of 3rd period - Deflect By Eric Staal.
12:17 of 3rd period - Stopped by Jonas Hiller with a rebound.
12:19 of 3rd period - Slapshot by Thomas Hickey.
12:19 of 3rd period - Shot Blocked by Zbynek Michalek.
12:21 of 3rd period - Snap shot by Thomas Hickey.
12:21 of 3rd period - Stopped by Jonas Hiller with a rebound.
12:45 of 3rd period - Snap shot by Jiri Hudler.
12:45 of 3rd period - Stopped by Jonas Hiller with a rebound.
13:57 of 3rd period - Minor Penalty to Eric Gryba for Roughing.
13:58 of 3rd period - Eric Staal wins face-off versus Mark Letestu in RedWings zone.
14:18 of 3rd period - Slapshot by Adam Henrique.
14:18 of 3rd period - Stopped by Jonas Hiller with a rebound.
14:20 of 3rd period - Slapshot by Thomas Hickey.
14:20 of 3rd period - Stopped by Jonas Hiller without a rebound.
14:21 of 3rd period - Mark Letestu wins face-off versus Mike Fisher in RedWings zone.
14:30 of 3rd period - Alexei Emelin is hit by Stephane Robidas and loses puck.
15:57 of 3rd period - Penalty to Eric Gryba is over, Eric Gryba is back on ice.
16:17 of 3rd period - Off-side.
16:18 of 3rd period - Travis Zajac wins face-off versus Shawn Horcoff in neutral zone.
17:14 of 3rd period - Marco Scandella is hit by Steve Downie.
17:56 of 3rd period - Snap shot by Jiri Hudler.
17:56 of 3rd period - Stopped by Jonas Hiller with a rebound.
17:58 of 3rd period - Snap shot by Thomas Hickey.
17:58 of 3rd period - Shot Blocked by Mark Letestu.
18:00 of 3rd period - Slapshot by Dennis Wideman.
18:00 of 3rd period - Shot Misses the Net.
18:02 of 3rd period - Snap shot by Adam Henrique.
18:02 of 3rd period - Stopped by Jonas Hiller without a rebound.
18:03 of 3rd period - Mark Letestu wins face-off versus Eric Staal in RedWings zone.
19:01 of 3rd period - Minor Penalty to John-Michael Liles for Roughing.
19:02 of 3rd period - Mark Letestu wins face-off versus Mike Fisher in RedWings zone.
19:02 of 3rd period - Mark Letestu is hit by Marian Gaborik.
19:37 of 3rd period - Marco Scandella is hit by TJ Galiardi.
Goals for this period are 1 for RedWings vs 3 for Hurricanes.
Shots for this period are 18 for RedWings vs 18 for Hurricanes.